 Dungeon Crawl Stone Soup version 0.28-a0-503-g83f2989fac (webtiles) character file.

Game seed: 2503862179729553468

2520 siradein the Shield-Bearer (level 9, -25/58 HPs)
             Began as a Gargoyle Fighter on Sept 20, 2021.
             Annihilated by a large slime creature (34 damage)
             ... on level 5 of the Dungeon.
             The game lasted 00:09:35 (4636 turns).

siradein the Shield-Bearer (Gargoyle Fighter)       Turns: 4636, Time: 00:09:37

Health: -25/58     AC: 19    Str: 22    XL:     9   Next: 54%
Magic:  9/9        EV:  8    Int:  9    God:
Gold:   265        SH:  5    Dex: 10    Spells: 8/8 levels left

rFire   . . .      SeeInvis .   z - +0 war axe (vorpal)
rCold   . . .      Faith    .   c - +0 buckler
rNeg    + . .      Spirit   .   t - +0 chain mail
rPois   ∞          Reflect  .   k - +0 helmet
rElec   +          Harm     .   (no cloak)
rCorr   .          Rampage  .   u - +0 pair of gloves
Will    .....                   (no boots)
Stlth   ..........              e - amulet of regeneration
HPRegen 1.19/turn               (no ring)
MPRegen 0.11/turn               (no ring)

@: studying Axes
A: sickness immunity, AC +6, negative energy resistance 1, electricity
resistance, torment resistance 1, petrification resistance
a: no special abilities


You were on level 5 of the Dungeon.
You visited 2 branches of the dungeon, and saw 7 of its levels.

You collected 265 gold pieces.

Inventory:

Hand Weapons
 a - a +0 trident
 z - a +0 vorpal war axe (weapon)
Missiles
 q - 4 boomerangs of dispersal
 y - 45 poisoned darts (quivered)
 A - a curare-tipped dart
Armour
 c - a +0 buckler (worn)
 k - a +0 helmet (worn)
 t - a +0 chain mail (worn)
 u - a +0 pair of gloves (worn)
Jewellery
 e - an amulet of regeneration (around neck)
 x - a ring of wizardry
 C - an amulet of faith
Wands
 B - a wand of flame (21)
Scrolls
 f - 4 scrolls of teleportation
 g - a scroll of vulnerability {unknown}
 h - a scroll of enchant weapon
 j - 2 scrolls of fear
 l - a scroll of enchant armour {unknown}
 n - a scroll of summoning {unknown}
 o - 2 scrolls of noise {unknown}
 p - 3 scrolls of magic mapping {unknown}
 v - a scroll of fog
Potions
 b - a potion of cancellation {unknown}
 d - a potion of might
 m - a potion of haste {unknown}
 r - a potion of berserk rage
 s - 4 potions of curing
 w - a potion of lignification {unknown}
 D - a potion of ambrosia {unknown}


   Skills:
 + Level 7.7 Fighting
 + Level 5.6(6.3) Axes
 - Level 4.3(5.7) Polearms
 + Level 7.6 Armour
 + Level 7.7 Shields


You had 8 spell levels left.
You didn't know any spells.
Your spell library was empty.

Dungeon Overview and Level Annotations

Branches:
Dungeon (6/15)             Temple (1/1) D:6

Altars:
Ashenzari
Dithmenos
Elyvilon
Hepliaklqana
Kikubaaqudgha
Nemelex Xobeh
Okawaru
Sif Muna
Trog
Uskayaw
Vehumet
Wu Jian
Zin
The Shining One


Innate Abilities, Weirdness & Mutations

You are immune to sickness and miasma.
Your stone body is resilient. (AC +6)
You are immune to poison.
You resist negative energy. (rN+)
You are resistant to electric shocks. (rElec)
You are resistant to unholy torment.
You are immune to petrification.


Message History

The large slime creature jiggles.
The large slime creature hits you.
You slash the large slime creature!
The large slime creature is severely wounded.
The large slime creature hits you.
You hit the large slime creature.
The large slime creature is severely wounded.
You block the large slime creature's attack.
You slash the large slime creature!
The large slime creature is severely wounded.
The large slime creature closely misses you.
The large slime creature hits you.
You slash the large slime creature!
The large slime creature is almost dead.
The large slime creature hits you!!
Ouch! That really hurt!
* * * LOW HITPOINT WARNING * * *
You hit the large slime creature.
The large slime creature is almost dead.
The large slime creature hits you!
* * * LOW HITPOINT WARNING * * *
Items here: )) [[.
There is an escape hatch in the ceiling here.
The large slime creature hits you.
* * * LOW HITPOINT WARNING * * *
The endoplasm jiggles.
You hit the large slime creature.
The large slime creature is heavily wounded.
The large slime creature closely misses you.
You barely miss the large slime creature.
The large slime creature is heavily wounded.
The large slime creature hits you!
You slash the large slime creature!
The large slime creature is severely wounded.
The large slime creature hits you!!
Ouch! That really hurt!
* * * LOW HITPOINT WARNING * * *
The large slime creature hits you!!
Ouch! That really hurt!
You die...

# #..###.#### #.# #
#.........## #.# #
##.........#########.#
#
#####J..............#
# ####.############ #
#...# # #J#.# # #J#.#
# #@#.# #########.#.#
#.....†...#.# #####
#.#########.# #.#.##
#.# #.# .....# #.# #.#
#.#.## #.# .....# #.#
#.#.## #.#


You could see a large slime creature and an endoplasm.

Vanquished Creatures
  Pikel (D:5)
  A slime creature (D:4)
  Edmund (D:5)
  2 water moccasins
  Duvessa (D:5)
  An orc warrior (D:3)
  A black bear (D:5)
  2 necrophages
  A lemure (D:5)
  5 kobold brigands
  A bullfrog (D:4)
  2 scorpions
  Dowan (D:5)
  A water moccasin skeleton (D:5)
  A howler monkey (D:6)
  A centaur skeleton (D:6)
  A hound (D:5)
  An orc priest (D:4)
  3 jellies
  Jessica (D:2)
  A hound skeleton (D:5)
  A howler monkey zombie (D:6)
  A gnoll (D:3)
  8 adders
  A white imp (D:6)
  An ufetubus (D:6)
  2 adder skeletons
  2 worms (D:2)
  5 dart slugs
  9 orcs
  10 ball pythons
  10 endoplasms
  5 giant cockroaches
  6 goblins
  2 hobgoblins
  7 kobolds
  3 quokkas
  5 bats
  2 frilled lizards (D:1)
  3 rats
113 creatures vanquished.

Vanquished Creatures (others)
  9 fungi (D:5)
  7 toadstools (D:5)
16 creatures vanquished.

Grand Total: 129 creatures vanquished

Notes
Turn   | Place    | Note
-------+----------+-------------------------------------------
     0 | D:1      | siradein the Gargoyle Fighter began the quest for the Orb.
     0 | D:1      | Reached XP level 1. HP: 14/14 MP: 1/1
   383 | D:1      | Reached XP level 2. HP: 19/19 MP: 2/2
   682 | D:1      | Reached XP level 3. HP: 23/23 MP: 3/3
   845 | D:2      | Noticed Jessica
   850 | D:2      | Killed Jessica
   851 | D:2      | Reached XP level 4. HP: 29/29 MP: 4/4
   967 | D:2      | Found a faded altar of an unknown god.
  1698 | D:3      | Reached XP level 5. HP: 33/33 MP: 5/5
  1874 | D:3      | Found a hide-covered altar of Uskayaw.
  2486 | D:4      | Noticed an orc warrior
  2550 | D:3      | Killed an orc warrior
  2551 | D:3      | Reached XP level 6. HP: 28/39 MP: 6/6
  2721 | D:4      | You fall into a shaft and drop 2 floors!
  2769 | D:6      | Noticed a necrophage
  2847 | D:6      | Noticed a water moccasin
  2862 | D:6      | Killed a necrophage
  2877 | D:6      | Killed a water moccasin
  2878 | D:6      | Reached skill level 5 in Fighting
  2878 | D:6      | Reached skill level 5 in Armour
  2878 | D:6      | Reached skill level 5 in Shields
  2878 | D:6      | Reached XP level 7. HP: 44/44 MP: 7/7
  2929 | D:6      | Noticed a boulder beetle
  2989 | D:6      | Found a staircase to the Ecumenical Temple.
  3049 | Temple   | Entered the Ecumenical Temple
  3321 | D:5      | Entered Level 5 of the Dungeon
  3542 | D:4      | Reached XP level 8. HP: 51/51 MP: 8/8
  3761 | D:5      | Reached skill level 1 in Axes
  3831 | D:5      | Noticed a slime creature
  3831 | D:5      | Noticed a slime creature
  3831 | D:5      | Noticed a slime creature
  3884 | D:4      | Killed a slime creature
  3951 | D:5      | Noticed Dowan
  3952 | D:5      | Noticed Duvessa
  3964 | D:5      | Killed Duvessa
  3967 | D:5      | Killed Dowan
  4065 | D:5      | Noticed Pikel
  4066 | D:5      | Noticed Edmund
  4093 | D:5      | Killed Pikel
  4094 | D:5      | Reached skill level 5 in Axes
  4094 | D:5      | Reached XP level 9. HP: 32/57 MP: 9/9
  4104 | D:5      | Killed Edmund
  4229 | D:5      | Identified the +11 falchion "Diusch" {spect, *Rage *Corrode
                  | +Blink Str+6}
  4593 | D:5      | HP: 2/58 [large slime creature (12)]
  4636 | D:5      | Annihilated by a large slime creature

Illustrated notes

Levels and vault maps discovered:
D:1:      lightli_arrival_lavapool, layout_basic
D:2:      layout_basic, ebering_ecumenical_altar_mist, grunt_ministairs_6,
          uniq_jessica
D:3:      layout_loops_corners, nicolae_uskayaw_murder_on_the_dancefloor,
          minivault_11, minivault_4
D:4:      old_forge, layout_loops_corners, minmay_manual_moon
D:5:      cheibrodos_fertilizer, layout_loops_ring, st_stairs_9, uniq_duvessa,
          uniq_pikel, uniq_edmund, uniq_crazy_yiuf_cottage
D:6:      layout_rooms, temple_doors_e, serial_shops, shop
Temple:   nicolae_temple_figure_eight

Skill      XL: |  1  2  3  4  5  6  7  8 |
---------------+-------------------------+-----
Polearms       | 2 3 4 |  4.3
Shields        | 4 5 7 |  7.7
Armour         | 4 5 7 |  7.6
Fighting       | 4 5 7 |  7.7
Axes           | 5 |  5.6

Action                   |  1- 3 |  4- 6 |  7- 9 || total
-------------------------+-------+-------+-------++-------
Melee: Trident           |    84 |   167 |   119 ||   370
       War axe           |       |       |   191 ||   191
  Use: Scroll            |       |       |     6 ||     6
Armor: Scale mail        |    35 |    44 |       ||    79
       Chain mail        |       |    37 |   184 ||   221
Dodge: Dodged            |    28 |    62 |   102 ||   192
Block: Buckler           |    17 |    23 |    69 ||   109

Table legend: (Time is in decaauts)
 A = Elapsed time spent in this place.
 B = Non-inter-level travel time spent in this place.
 C = Inter-level travel time spent in this place.
 D = Time resting spent in this place.
 E = Time spent auto-exploring this place.
 F = Levels seen in this place.
 G = Mean time per level.
                   A        B        C        D        E       F      G
               +--------+--------+--------+--------+--------+-----+--------+
         Total |   4750 |   4509 |    241 |     56 |   3038 |   7 |  678.6 |
       Dungeon |   4502 |   4261 |    241 |     56 |   2831 |   6 |  750.3 |
        Temple |    247 |    247 |      0 |      0 |    207 |   1 |  247.0 |
               +--------+--------+--------+--------+--------+-----+--------+

Top non-repeatable levels by time:
     D:3: 1199 daAuts
     D:5: 966 daAuts
     D:1: 866 daAuts
     D:2: 680 daAuts
     D:4: 424 daAuts
     D:6: 365 daAuts
  Temple: 247 daAuts
